 Dungeon Crawl Stone Soup version 0.30-a0-368-g86fb4627a9 (webtiles) character file.

Game seed: 2036610357339132395

3485 Sweetruy1997 the Cleaver (level 10, 0/121 HPs)
             Began as a Hill Orc Monk on Nov 18, 2022.
             Was a Believer of Beogh.
             Killed from afar by an electric eel (11 damage)
             ... with a bolt of electricity
             ... on level 8 of the Dungeon on Nov 20, 2022.
             The game lasted 00:19:50 (8634 turns).

Sweetruy1997 the Cleaver (Hill Orc Monk)            Turns: 8634, Time: 00:19:51

Health: 0/121      AC: 10    Str: 15    XL:     10   Next: 7%
Magic:  11/11      EV: 11    Int: 10    God:    Beogh [**....]
Gold:   279        SH:  8    Dex: 17    Spells: 9/11 levels left

rFire   . . .      SeeInvis .    o - +2 hand axe (pain)
rCold   . . .      Faith    .    d - +2 buckler
rNeg    . . .      Spirit   .    C - +1 swamp dragon scales
rPois   +          Reflect  .    G - +1 helmet
rElec   .          Harm     .    y - +0 cloak
rCorr   .          Rampage  .    F - +0 pair of gloves
Will    .....                    H - +0 pair of boots
Stlth   ..........               (no amulet)
HPRegen 0.40/turn                D - +4 ring of protection
MPRegen 0.12/turn                (no ring)

@: berserking, corroded, very quick
A: no striking features
a: Renounce Religion, Smiting


You were on level 8 of the Dungeon.
You worshipped Beogh.
Beogh was pleased with you.
You visited 2 branches of the dungeon, and saw 9 of its levels.

You collected 411 gold pieces.
You spent 132 gold pieces at shops.

Inventory:

Hand Weapons
 o - a +2 hand axe of pain (weapon)
Missiles
 w - a boomerang (quivered)
 E - 3 javelins
Armour
 d - a +2 buckler (worn)
 m - the +1 leather armour of Leaves {Int+4}
   (You found it on level 3 of the Dungeon)

   Int:       It affects your intelligence (+4).
 y - a +0 cloak (worn)
 C - +1 swamp dragon scales (worn)
 F - a +0 pair of gloves (worn)
 G - a +1 helmet (worn)
 H - a +0 pair of boots (worn)
Jewellery
 D - a +4 ring of protection (left hand)
Wands
 u - a wand of polymorph (6)
 z - a wand of acid (4)
Scrolls
 a - 2 scrolls of amnesia
 b - 2 scrolls of butterflies
 e - 3 scrolls of teleportation
 g - 4 scrolls of fear
 h - a scroll of blinking
 k - a scroll of brand weapon
 s - 2 scrolls of magic mapping
 x - a scroll of immolation {unknown}
 A - 2 scrolls of torment {unknown}
 B - a scroll of poison {unknown}
Potions
 c - a potion of ambrosia
 i - a potion of lignification {unknown}
 j - a potion of curing
 l - a potion of resistance {unknown}
 n - 3 potions of mutation {unknown}
 p - a potion of might {unknown}
 r - 3 potions of brilliance {unknown}
 t - a potion of haste
 v - a potion of attraction {unknown}


   Skills:
 - Level 5.0 Fighting
 + Level 12.7 Axes
 + Level 5.8 Throwing
 - Level 2.0 Armour
 - Level 3.0 Dodging
 + Level 3.0 Stealth
 + Level 5.4 Shields
 + Level 1.3 Spellcasting
 + Level 2.3 Necromancy
 + Level 0.3 Translocations
 + Level 0.7 Evocations


You had 9 spell levels left.
You knew the following spells:

 Your Spells              Type           Power      Damage    Failure   Level
a - Necrotise             Necr           20%        1d5       32%         1
b - Apportation           Tloc           2%         N/A       58%         1

Your spell library contained the following spells:

 Spells                   Type           Power      Damage    Failure   Level
 Summon Small Mammal      Summ           0%         N/A       65%         1
 Kindle Blastsparks       Fire/Tloc/Air  0%         2d10      94%         3
 Ignite Poison            Fire/Tmut/Pois 0%         N/A       95%         3
 Sticky Flame             Conj/Fire      0%         2d3       100%        4
 Freezing Cloud           Conj/Ice/Air   0%         6-21      100%        5
 Ignition                 Fire           0%         3d3       100%        8


Dungeon Overview and Level Annotations

Branches:
Dungeon (8/15)             Temple (1/1) D:4
   Lair: D:8-11

Altars:
Ashenzari
Cheibriados
Dithmenos
Elyvilon
Fedhas
Hepliaklqana
Makhleb
Nemelex Xobeh
Uskayaw
Vehumet
Wu Jian
Xom
Yredelemnul
Zin
The Shining One

Shops:
D:4 :   D:7 :


Message History

* * * LOW HITPOINT WARNING * * *
The centaur closely misses you. You block the acid dragon's attack. x2
A red film seems to cover your vision as you go berserk!
You feel yourself moving faster!
You feel mighty!
The centaur hits you but does no damage.
The centaur kicks you.
* * * LOW HITPOINT WARNING * * *
The acid dragon spits acid at you. The splash of acid hits you!!
* * * LOW HITPOINT WARNING * * *
The centaur misses you. You block the centaur's attack.
The hornet buzzes angrily.
You barely miss the acid dragon.
The acid dragon is lightly wounded.
You slash the centaur!
The centaur writhes in agony.
You block the acid dragon's attack.
The acid dragon claws you but does no damage.
A black bear comes into view.
You slash the acid dragon!
The acid dragon writhes in agony.
The acid dragon is severely wounded.
You hit the centaur.
The centaur writhes in agony.
The centaur hits you but does no damage.
You block the centaur's attack.
You slash the acid dragon!
The acid dragon writhes in agony.
You kill the acid dragon!
Beogh accepts your kill.
You hit the centaur.
The centaur writhes in agony.
The centaur hits you but does no damage.
You block the centaur's attack.
Your Stealth skill increases to level 3!
You are too injured to fight recklessly!
You are too injured to fight recklessly!
You barely miss the centaur.
The centaur is almost dead.
You slash the centaur!
You kill the centaur!
Beogh accepts your kill.
The electric eel shoots out a bolt of lightning at you!
The bolt of electricity hits you!
You die...

#.###.# #.# #..##.##
#.. #....[#########
#####...........# #
#...............# #
#...............# #
#............######
#......#####.......
#)@.y...#####.#####
.~~...))..........#.#
~~~S...##......##...#
≈.~~... ##....###.###
~~.~P.. ##..###).###
.~~h...
#####.....#####
~....#. #....#......
.....#. #....#####..
....... #####.).# #..


You could see a hornet, a black bear and an electric eel.

Vanquished Creatures
  Maggie (D:7)
  A troll (D:7)
  Sigmund (D:5)
  A steam dragon (D:8)
  An acid dragon (D:8)
  A black bear (D:6)
  An orc warrior (D:6)
  An ice beast (D:6)
  2 sky beasts
  An ogre (D:4)
  4 centaurs
  A kobold brigand (D:8)
  A bullfrog (D:8)
  2 scorpions
  A necrophage (D:5)
  A wight (D:8)
  16 killer bees
  A howler monkey (D:7)
  3 hounds
  2 jellies
  3 orc priests (D:7)
  3 iguanas
  6 orc wizards
  7 adders
  3 white imps
  2 ufetubi
  A dart slug (D:4)
  26 orcs
  8 ball pythons
  4 bats
  2 endoplasms
  2 giant cockroaches
  5 goblins
  6 hobgoblins
  3 kobolds
  A quokka (D:1)
  3 rats
128 creatures vanquished.

Vanquished Creatures (others)
  An orc priest (D:7)
  4 fungi (D:6)
  11 plants
16 creatures vanquished.

Grand Total: 144 creatures vanquished

Notes
Turn   | Place    | Note
-------+----------+-------------------------------------------
     0 | D:1      | Sweetruy1997 the Hill Orc Monk began the quest for the Orb.
     0 | D:1      | Reached XP level 1. HP: 19/19 MP: 1/1
   367 | D:1      | Reached XP level 2. HP: 27/27 MP: 2/2
   988 | D:2      | Reached XP level 3. HP: 33/33 MP: 3/3
  1412 | D:3      | Reached skill level 5 in Axes
  1619 | D:3      | Found a shadowy altar of Dithmenos.
  1801 | D:3      | Identified the +1 leather armour of Leaves {Int+4}
  2039 | D:4      | Reached XP level 4. HP: 39/40 MP: 4/4
  2102 | D:4      | Found a staircase to the Ecumenical Temple.
  2102 | D:4      | Noticed an ogre
  2119 | D:4      | Killed an ogre
  2120 | D:4      | Reached skill level 1 in Throwing
  2120 | D:4      | Reached XP level 5. HP: 42/46 MP: 5/5
  2157 | Temple   | Entered the Ecumenical Temple
  2283 | D:4      | Reached skill level 6 in Axes
  2330 | D:4      | Found a radiant altar of Vehumet.
  2517 | D:4      | Found a hide-covered altar of Uskayaw.
  2600 | D:4      | Found Juopp's Book Boutique.
  2615 | D:4      | Bought a book of Cantrips for 132 gold pieces
  2917 | D:5      | Entered Level 5 of the Dungeon
  3034 | D:5      | Noticed Sigmund
  3069 | D:5      | Reached XP level 6. HP: 43/52 MP: 6/6
  3070 | D:5      | Reached skill level 1 in Armour
  3078 | D:5      | Killed Sigmund
  3079 | D:5      | Reached skill level 1 in Shields
  3090 | D:5      | Reached skill level 7 in Axes
  3090 | D:5      | Reached XP level 7. HP: 47/60 MP: 7/7
  3596 | D:5      | Found an ornate altar of the Wu Jian Council.
  3603 | D:5      | Noticed a spectral centipede
  3603 | D:5      | Noticed a spectral black mamba
  3603 | D:5      | Noticed a spectral cane toad
  3961 | D:6      | Found a sparkling altar of Nemelex Xobeh.
  3967 | D:6      | Reached skill level 5 in Fighting
  3994 | D:6      | Reached skill level 8 in Axes
  4012 | D:6      | Learned a level 1 spell: Necrotise
  4687 | D:6      | Reached XP level 8. HP: 10/68 MP: 8/8
  5174 | D:6      | Reached skill level 9 in Axes
  5218 | D:6      | Reached skill level 1 in Necromancy
  5862 | D:7      | Became a worshipper of Beogh the Brigand
  5862 | D:7      | Reached * piety under Beogh
  5862 | D:7      | Reached ** piety under Beogh
  5929 | D:7      | Reached skill level 10 in Axes
  5955 | D:7      | Reached skill level 1 in Spellcasting
  5958 | D:7      | Learned a level 1 spell: Apportation
  5984 | D:7      | HP: 1/68 [killer bee (6)]
  6245 | D:7      | Reached XP level 9. HP: 69/74 MP: 10/10
  6406 | D:7      | Noticed a troll
  6420 | D:7      | Killed a troll
  6421 | D:7      | Reached skill level 11 in Axes
  6552 | D:7      | Noticed Maggie
  6582 | D:7      | Killed Maggie
  6583 | D:7      | Reached skill level 5 in Throwing
  6811 | D:7      | Found Duttucs's Book Boutique.
  7672 | D:7      | Reached skill level 12 in Axes
  8102 | D:8      | Found a shimmering altar of Xom.
  8155 | D:8      | Noticed a hornet
  8533 | D:8      | Reached skill level 5 in Shields
  8624 | D:8      | Reached XP level 10. HP: 31/81 MP: 11/11
  8634 | D:8      | Killed from afar by an electric eel

Illustrated notes

Levels and vault maps discovered:
D:1:      moated_graveyard_arrival, layout_basic,
          hangedman_decor_clover_reticule, minmay_misc_feat_hallway
D:2:      cheibrodos_old_hovel, layout_rooms, mrwooster_statue_mirror,
          nicolae_hexahallways
D:3:      layout_basic, grunt_dithmenos_smoke_and_mirrors, serial_aquarium,
          aquarium_bridge_square [aquarium_subvault_bridge,
          aquarium_subvault_bridge, aquarium_subvault_wall,
          aquarium_subvault_bridge], aquarium_bridge_square
          [aquarium_subvault_wall, aquarium_subvault_bridge,
          aquarium_subvault_bridge, aquarium_subvault_bridge],
          aquarium_window_double, aquarium_window_corridor_1, aquarium_view_2b,
          minmay_misc_feat_diagonals
D:4:      layout_basic, mainiacjoe_overflow_six_doors_small,
          nicolae_uskayaw_murder_on_the_dancefloor,
          minmay_temple_entry_water_ring, serial_shops, shop
D:5:      layout_basic, pdpol_wu_jian_five_deadly_venoms, uniq_sigmund
D:6:      layout_basic, mainiacjoe_overflow_boulevard
D:7:      layout_basic, serial_rivers, chequers_serial_rivers_micro_d,
          chequers_serial_rivers_micro_c, chequers_serial_rivers_small_a,
          chequers_serial_rivers_micro_d, serial_shops, shop, uniq_maggie
D:8:      layout_basic, kennysheep_mini, kiku_gazebo_pond_becter, minivault_19,
          serial_bayou_pond_b, minmay_holes
Temple:   hellmonk_temple_beads

Skill      XL: |  1  2  3  4  5  6  7  8  9 10 |
---------------+-------------------------------+-----
Axes           | 5 6 7 8 10 12 | 12.7
Fighting       | 4 5 |  5.0
Throwing       | 1 2 3 4 5 |  5.8
Dodging        | 3 |  3.0
Armour         | 2 |  2.0
Stealth        | 2 3 |  3.0
Shields        | 1 2 5 |  5.4
Necromancy     | 2 |  2.3
Spellcasting   | 1 |  1.3
Translocations | |  0.3
Evocations     | |  0.7

Action                   |  1- 3 |  4- 6 |  7- 9 | 10-12 || total
-------------------------+-------+-------+-------+-------++-------
Melee: Hand axe          |    58 |    64 |   369 |     7 ||   498
Throw: Javelin           |    31 |    18 |    37 |       ||    86
       Boomerang         |     6 |       |    56 |       ||    62
 Cast: Necrotise         |       |       |     8 |       ||     8
       Apportation       |       |       |     1 |       ||     1
Invok: Convert to Beogh  |       |       |     1 |       ||     1
Evoke: Wand              |       |       |     4 |       ||     4
  Use: Scroll            |     7 |     3 |     7 |       ||    17
       Potion            |       |     2 |     6 |     2 ||    10
 Stab: Sleeping          |     1 |     1 |       |       ||     2
Armor: Robe              |    16 |       |       |       ||    16
       Leather armour    |     2 |    15 |   103 |       ||   120
       Swamp dragon scal |       |       |     4 |     5 ||     9
Dodge: Dodged            |    37 |    39 |   214 |     3 ||   293
Block: Buckler           |    11 |    13 |   123 |     8 ||   155

Table legend: (Time is in decaauts)
 A = Elapsed time spent in this place.
 B = Non-inter-level travel time spent in this place.
 C = Inter-level travel time spent in this place.
 D = Time resting spent in this place.
 E = Time spent auto-exploring this place.
 F = Levels seen in this place.
 G = Mean time per level.
                   A        B        C        D        E       F      G
               +--------+--------+--------+--------+--------+-----+--------+
         Total |   8609 |   8139 |    470 |   1303 |   5563 |   9 |  956.6 |
       Dungeon |   8503 |   8043 |    460 |   1303 |   5477 |   8 | 1062.9 |
        Temple |    106 |     96 |     10 |      0 |     86 |   1 |  106.0 |
               +--------+--------+--------+--------+--------+-----+--------+

Top non-repeatable levels by time:
     D:7: 2063 daAuts
     D:6: 1643 daAuts
     D:5: 1099 daAuts
     D:4: 850 daAuts
     D:8: 799 daAuts
     D:1: 725 daAuts
     D:2: 661 daAuts
     D:3: 658 daAuts
  Temple: 106 daAuts
